Staline vs Thunder
(R1)
Created - 8 mai 2016 at 22:28
Goals
|
Staline |
2 |
2 |
1 |
5 |
Thunder |
0 |
1 |
1 |
2 |
|
Shots
|
Staline |
12 |
12 |
9 |
33 |
Thunder |
8 |
14 |
15 |
37 |
|
1st period
1. Staline , Jiri Tlusty 1 (Yan Stastny, Mark Fraser) at 2:55 (PP)
2. Staline , Brian Gionta 2 (Andrei Loktionov) at 4:30
Penalties :
Dmitri Orlov (TRO) for Hooking (Minor) at 2:21, Casey Pierro-Zabotel (TRO) for Hooking (Minor) at 12:54
2nd period
3. Thunder , Matt Generous 1 (Jannik Hansen) at 11:10
4. Staline , Andrei Loktionov 2 (Stu Bickel, Brian Gionta) at 13:18
5. Staline , Andrei Loktionov 3 (Evgeny Dadonov, Brian Gionta) at 15:08
Penalties :
Greg Pateryn (StJ) for Tripping (Minor) at 7:14, Adam Hall (TRO) for Tripping (Minor) at 17:10
3rd period
6. Thunder , Casey Pierro-Zabotel 1 (David Fischer, Brandon Mashinter) at 1:00
7. Staline , Bryan Bickell 1 (David Desharnais) at 14:11
Penalties :
Mark Fraser (StJ) for Hooking (Minor) at 3:38, Torey Krug (StJ) for Hooking (Minor) at 8:06, Daultan Leveillé (TRO) for Interference (Minor) at 10:55, Mat Clark (TRO) for Tripping (Minor) at 16:56
Goalie Stats
Tobias Stephan (StJ), 35 saves from 37 shots - (0,946), W, 2-0-1, 60:00 minutes
Barry Brust (TRO), 28 saves from 33 shots - (0,848), L, 1-2-0, 60:00 minutes
Players Stats for Staline
Player Name G A P +/- PIM S H SB GA TA FO MP PP MP PK MP
------------------------------------------------------------------------------------
Aaron Ness 0 0 0 -1 0 0 1 3 0 1 0/0 13:02 0:00 0:03
Andrei Loktionov 2 1 3 3 0 9 1 1 0 0 14/30 21:47 4:39 3:02
Brendan Shinnimin 0 0 0 0 0 0 0 0 0 0 0/0 0:00 0:00 0:00
Brian Gionta 1 2 3 3 0 3 5 0 0 0 1/2 20:29 4:39 1:24
Bryan Bickell 1 0 1 0 0 2 0 0 0 0 0/1 11:38 0:00 1:19
Cody Eakin 0 0 0 0 0 1 0 0 0 0 0/2 8:25 0:00 0:21
Corey Trivino 0 0 0 0 0 0 0 0 0 0 0/0 0:25 0:14 0:00
Danny Kristo 0 0 0 0 0 0 1 0 0 0 0/0 7:59 0:00 0:00
David Desharnais 0 1 1 0 0 1 1 0 0 0 4/8 10:19 0:00 0:00
David Kolomatis 0 0 0 1 0 0 2 1 0 0 0/0 19:55 2:46 2:58
Evgeny Dadonov 0 1 1 3 0 6 3 0 1 0 2/4 21:46 4:46 2:55
Greg Pateryn 0 0 0 -1 2 1 0 0 2 0 0/0 14:42 0:00 1:40
James Sheppard 0 0 0 0 0 1 0 1 0 1 0/0 7:59 0:00 0:00
Jiri Sekac 0 0 0 0 0 0 0 0 0 0 0/0 0:00 0:00 0:00
Jiri Tlusty 1 0 1 -1 0 4 0 0 0 0 0/0 16:14 3:37 0:00
Jordan Caron 0 0 0 0 0 2 2 0 0 0 0/0 10:37 0:07 0:00
Mark Fraser 0 1 1 2 2 0 4 3 0 1 0/0 26:27 5:44 2:08
Mark Stone 0 0 0 0 0 0 0 0 0 0 0/0 0:25 0:14 0:00
Nick Spaling 0 0 0 -1 0 0 1 1 0 0 0/0 16:14 3:37 0:00
Peter Holland 0 0 0 0 0 0 0 0 0 0 0/0 1:32 0:00 1:32
Stu Bickel 0 1 1 2 0 2 3 0 0 0 0/0 27:22 5:44 3:14
Torey Krug 0 0 0 1 2 0 1 1 0 3 0/0 18:44 2:46 1:48
Yan Stastny 0 1 1 -1 0 1 1 0 3 1 4/13 17:59 3:37 1:24
Players Stats for Thunder
Player Name G A P +/- PIM S H SB GA TA FO MP PP MP PK MP
------------------------------------------------------------------------------------
Adam Hall 0 0 0 -2 2 2 2 1 2 1 2/2 19:42 2:55 3:34
Bobby Farnham 0 0 0 1 0 0 1 0 0 0 1/1 4:48 0:04 0:00
Brandon Mashinter 0 1 1 -1 0 2 1 0 0 1 4/6 11:24 0:00 0:00
Brett Festerling 0 0 0 -1 0 0 0 2 0 0 0/0 8:39 0:00 0:00
Casey Pierro-Zabotel 1 0 1 -1 2 3 0 1 0 0 0/0 13:00 0:00 0:45
Colby Cohen 0 0 0 0 0 0 0 1 0 0 0/0 6:40 0:00 0:00
Dany Roussin 0 0 0 0 0 2 6 0 1 0 0/0 18:13 2:58 3:19
Daultan Leveillé 0 0 0 0 2 1 0 0 0 1 0/1 7:01 0:00 0:00
David Clarkson 0 0 0 0 0 5 1 0 1 1 0/0 16:56 2:58 2:02
David Fischer 0 1 1 0 0 2 1 2 0 1 0/0 18:29 2:09 3:19
Derek Forbort 0 0 0 0 0 0 0 0 0 0 0/0 0:00 0:00 0:00
Dmitri Orlov 0 0 0 0 2 0 0 0 0 0 0/0 6:39 0:00 0:00
Jannik Hansen 0 1 1 1 0 1 0 1 0 0 0/0 8:43 0:04 0:00
Jesse Blacker 0 0 0 0 0 0 0 0 0 0 0/0 0:00 0:00 0:00
Joey Ryan 0 0 0 0 0 1 1 2 0 0 0/0 18:12 2:09 3:03
Jordie Benn 0 0 0 -1 0 4 3 2 0 0 0/0 26:12 3:48 5:11
Kelly Zajac 0 0 0 1 0 0 0 0 0 0 0/0 2:01 0:04 0:00
Mat Clark 0 0 0 -1 2 0 2 1 1 0 0/0 8:39 0:00 0:00
Matt Generous 1 0 1 -1 0 4 0 1 1 0 0/0 26:12 3:48 5:11
Pierre-Alexandre Parente 0 0 0 0 0 0 0 0 0 0 0/0 0:00 0:00 0:00
Robin Leblanc 0 0 0 -1 0 2 1 0 0 0 0/0 13:12 0:00 1:48
Ryan O'Reilly 0 0 0 0 0 5 2 0 0 0 7/12 16:48 2:58 1:13
Scott Parse 0 0 0 -2 0 2 0 1 1 1 4/7 24:02 2:55 4:19
Taylor Doherty 0 0 0 0 0 0 0 0 0 0 0/0 0:17 0:00 0:16
Tom Pyatt 0 0 0 -2 0 1 1 2 0 0 17/31 15:36 2:55 0:00
3 Stars
1 - Andrei Loktionov (StJ)
2 - Brian Gionta (StJ)
3 - Evgeny Dadonov (StJ)
Power Play
Staline - 1 on 5 Attempt(s) - 20,00%
Thunder - 0 on 3 Attempt(s) - 0,00%
Penalty Kill
Staline - 3 on 3 Attempt(s) - 100,00%
- Score 0 goal in Penalty Kill
Thunder - 4 on 5 Attempt(s) - 80,00%
- Score 0 goal in Penalty Kill
Team Stat
Staline - Hits : 26 - Faceoff Wins : 25 - Blocked Shots : 11 - Penalty Minutes : 6
Thunder - Hits : 22 - Faceoff Wins : 35 - Blocked Shots : 17 - Penalty Minutes : 10
Official
Referees : Pochmara Brian and Kimmerly Greg
Linesman : Scott Driscoll and Thor Nelson
Game Notes
11:10 of 2nd period - Thunder goal is going for a video replay. After video review, Goal.
Finance
Level 1 -- Attendance: 1576 (78,80%) -- Ticket Income 55 160 $
Level 2 -- Attendance: 900 (90,00%) -- Ticket Income 13 500 $
Total Attendance: 2476 (82,53%)
Total Ticket Income: 68 660 $
Other Income: 3 433 $
Total Income: 72 093 $
Staline
5 vs 5 Forward
Center Left Wing Right Wing Time % Phy DF OF
1 Andrei Loktionov Evgeny Dadonov Brian Gionta 40 1 2 2
2 Yan Stastny Nick Spaling Jiri Tlusty 30 1 2 2
3 David Desharnais Bryan Bickell Jordan Caron 20 1 2 2
4 Cody Eakin James Sheppard Danny Kristo 10 1 2 2
5 vs 5 Defense
Defense Defense Time % Phy DF OF
1 Stu Bickel Mark Fraser 40 1 2 2
2 Torey Krug David Kolomatis 30 1 2 2
3 Aaron Ness Greg Pateryn 20 1 2 2
4 Stu Bickel Mark Fraser 10 1 2 2
PowerPlay Forward
Center Left Wing Right Wing Time % Phy DF OF
1 Andrei Loktionov Evgeny Dadonov Brian Gionta 60 1 2 2
2 Yan Stastny Nick Spaling Jiri Tlusty 40 1 2 2
PowerPlay Defense
Defense Defense Time % Phy DF OF
1 Stu Bickel Mark Fraser 60 1 2 2
2 Torey Krug David Kolomatis 40 1 2 2
Penalty Kill 4 Players Forward
Center Wing Time % Phy DF OF
1 Evgeny Dadonov Andrei Loktionov 60 1 2 2
2 Yan Stastny Brian Gionta 40 1 2 2
Penalty Kill 4 Players Defense
Defense Defense Time % Phy DF OF
1 Stu Bickel Mark Fraser 60 1 2 2
2 Torey Krug David Kolomatis 40 1 2 2
Penalty Kill - 3 Players Forward
Forward Time % Phy DF OF
1 Evgeny Dadonov 60 1 2 2
2 Andrei Loktionov 40 1 2 2
Penalty Kill - 3 Players Defense
Defense Defense Time % Phy DF OF
1 Stu Bickel Mark Fraser 60 1 2 2
2 Torey Krug David Kolomatis 40 1 2 2
4 vs 4 Forward
Center Wing Time % Phy DF OF
1 Evgeny Dadonov Andrei Loktionov 60 1 2 2
2 Yan Stastny Brian Gionta 40 1 2 2
4 vs 4 Defense
Defense Defense Time % Phy DF OF
1 Stu Bickel Mark Fraser 60 1 2 2
2 Torey Krug David Kolomatis 40 1 2 2
Last Minutes Offensive
Center Left Wing Right Wing Defense Defense
Andrei Loktionov Evgeny Dadonov Brian Gionta Stu Bickel Mark Fraser
Last Minutes Defensive
Center Left Wing Right Wing Defense Defense
Andrei Loktionov Evgeny Dadonov Brian Gionta Stu Bickel Mark Fraser
Goaltenders
Starting : Tobias Stephan
Backup : Allen York
Extra Forwards
Normal : Corey Trivino, Mark Stone, Peter Holland - PP : Corey Trivino, Mark Stone - PK : Peter Holland
Extra Defensemen
Normal : Aaron Ness, Greg Pateryn, Torey Krug - PP : Aaron Ness - PK : Greg Pateryn, Torey Krug
Penalty Shots
Evgeny Dadonov, Andrei Loktionov, Yan Stastny, Brian Gionta, Jiri Tlusty
Thunder
5 vs 5 Forward
Center Left Wing Right Wing Time % Phy DF OF
1 Tom Pyatt Scott Parse Adam Hall 40 1 2 2
2 Ryan O'Reilly Dany Roussin David Clarkson 30 1 2 2
3 Brandon Mashinter Casey Pierro-Zabotel Robin Leblanc 20 1 2 2
4 Daultan Leveillé Scott Parse Jannik Hansen 10 1 2 2
5 vs 5 Defense
Defense Defense Time % Phy DF OF
1 Matt Generous Jordie Benn 40 1 2 2
2 David Fischer Joey Ryan 30 1 2 2
3 Brett Festerling Mat Clark 20 1 2 2
4 Colby Cohen Dmitri Orlov 10 1 2 2
PowerPlay Forward
Center Left Wing Right Wing Time % Phy DF OF
1 Tom Pyatt Scott Parse Adam Hall 60 1 2 2
2 Ryan O'Reilly Dany Roussin David Clarkson 40 1 2 2
PowerPlay Defense
Defense Defense Time % Phy DF OF
1 Matt Generous Jordie Benn 60 1 2 2
2 David Fischer Joey Ryan 40 1 2 2
Penalty Kill 4 Players Forward
Center Wing Time % Phy DF OF
1 Scott Parse Adam Hall 60 1 2 2
2 Dany Roussin David Clarkson 40 1 2 2
Penalty Kill 4 Players Defense
Defense Defense Time % Phy DF OF
1 Matt Generous Jordie Benn 60 1 2 2
2 David Fischer Joey Ryan 40 1 2 2
Penalty Kill - 3 Players Forward
Forward Time % Phy DF OF
1 Scott Parse 60 1 2 2
2 Adam Hall 40 1 2 2
Penalty Kill - 3 Players Defense
Defense Defense Time % Phy DF OF
1 Matt Generous Jordie Benn 60 1 2 2
2 David Fischer Joey Ryan 40 1 2 2
4 vs 4 Forward
Center Wing Time % Phy DF OF
1 Scott Parse Adam Hall 60 1 2 2
2 Dany Roussin David Clarkson 40 1 2 2
4 vs 4 Defense
Defense Defense Time % Phy DF OF
1 Matt Generous Jordie Benn 60 1 2 2
2 David Fischer Joey Ryan 40 1 2 2
Last Minutes Offensive
Center Left Wing Right Wing Defense Defense
Tom Pyatt Scott Parse Adam Hall Matt Generous Jordie Benn
Last Minutes Defensive
Center Left Wing Right Wing Defense Defense
Tom Pyatt Scott Parse Adam Hall Matt Generous Jordie Benn
Goaltenders
Starting : Barry Brust
Backup : Devan Dubnyk
Extra Forwards
Normal : Bobby Farnham, Kelly Zajac, Robin Leblanc - PP : Bobby Farnham, Kelly Zajac - PK : Robin Leblanc
Extra Defensemen
Normal : Jesse Blacker, Taylor Doherty, Derek Forbort - PP : Jesse Blacker - PK : Taylor Doherty, Derek Forbort
Penalty Shots
Scott Parse, Adam Hall, Dany Roussin, David Clarkson, Tom Pyatt
% Time on Ice - Staline
Lines # - Real PCT - Wanted PCT - Time Play
Normal Forward
1 - 31% - 40% - 14:17
2 - 28% - 30% - 12:58
3 - 23% - 20% - 10:19
4 - 18% - 10% - 7:59
Normal Defense
1 - 38% - 40% - 17:20
2 - 31% - 30% - 14:11
3 - 27% - 20% - 12:30
4 - 3% - 10% - 1:32
PP Forward
1 - 57% - 60% - 4:53
2 - 43% - 40% - 3:37
PP Defense
1 - 67% - 60% - 5:44
2 - 33% - 40% - 2:46
PK Forward
1 - 76% - 60% - 4:33
2 - 24% - 40% - 1:24
PK Defense
1 - 58% - 60% - 3:27
2 - 42% - 40% - 2:30
PK3 Forward
1 - 0% - 60%
2 - 0% - 40%
PK3 Defense
1 - 0% - 60%
2 - 0% - 40%
44 Forward
1 - 0% - 60%
2 - 0% - 40%
44 Defense
1 - 0% - 60%
2 - 0% - 40%
Last Minute Offensive - 0:00
Last Minute Defensive - 0:00
Total
Forward - 60:00
Defense - 60:00
|
% Time on Ice - Thunder
Lines # - Real PCT - Wanted PCT - Time Play
Normal Forward
1 - 34% - 40% - 15:31
2 - 26% - 30% - 11:56
3 - 25% - 20% - 11:24
4 - 15% - 10% - 6:42
Normal Defense
1 - 38% - 40% - 17:13
2 - 29% - 30% - 13:01
3 - 19% - 20% - 8:39
4 - 15% - 10% - 6:40
PP Forward
1 - 50% - 60% - 2:59
2 - 50% - 40% - 2:58
PP Defense
1 - 64% - 60% - 3:48
2 - 36% - 40% - 2:09
PK Forward
1 - 76% - 60% - 6:28
2 - 24% - 40% - 2:02
PK Defense
1 - 61% - 60% - 5:11
2 - 39% - 40% - 3:19
PK3 Forward
1 - 0% - 60%
2 - 0% - 40%
PK3 Defense
1 - 0% - 60%
2 - 0% - 40%
44 Forward
1 - 0% - 60%
2 - 0% - 40%
44 Defense
1 - 0% - 60%
2 - 0% - 40%
Last Minute Offensive - 0:00
Last Minute Defensive - 0:00
Total
Forward - 60:00
Defense - 60:00
|
Play by Play
1st period
0:01 of 1st period - Andrei Loktionov wins face-off versus Tom Pyatt in neutral zone.
0:10 of 1st period - Wrist shot by Andrei Loktionov.
0:10 of 1st period - Stopped by Barry Brust without a rebound.
0:11 of 1st period - Ryan O'Reilly wins face-off versus Yan Stastny in Thunder zone.
0:19 of 1st period - Icing by Torey Krug.
0:20 of 1st period - Ryan O'Reilly wins face-off versus Yan Stastny in Staline zone.
0:47 of 1st period - Snap shot by Jiri Tlusty.
0:47 of 1st period - Stopped by Barry Brust with a rebound.
1:10 of 1st period - Snap shot by Jiri Tlusty.
1:10 of 1st period - Deflect By Nick Spaling.
1:10 of 1st period - Shot Misses the Net.
1:10 of 1st period - Puck is out of play.
1:11 of 1st period - Andrei Loktionov wins face-off versus Tom Pyatt in Thunder zone.
1:16 of 1st period - Snap shot by Brian Gionta.
1:16 of 1st period - Stopped by Barry Brust with a rebound.
1:24 of 1st period - Scott Parse is hit by Stu Bickel and loses puck.
2:08 of 1st period - Wrist shot by Daultan Leveillé.
2:08 of 1st period - Shot Blocked by Aaron Ness.
2:21 of 1st period - Minor Penalty to Dmitri Orlov for Hooking.
2:22 of 1st period - Andrei Loktionov wins face-off versus Scott Parse in Thunder zone.
2:23 of 1st period - Snap shot by Evgeny Dadonov.
2:23 of 1st period - Shot Blocked by Jordie Benn.
2:25 of 1st period - Wrist shot by Stu Bickel.
2:25 of 1st period - Stopped by Barry Brust with a rebound.
2:27 of 1st period - Snap shot by Brian Gionta.
2:27 of 1st period - Shot Blocked by Adam Hall.
2:29 of 1st period - Slapshot by Stu Bickel.
2:29 of 1st period - Shot Misses the Net.
2:55 of 1st period - Slapshot by Jiri Tlusty.
2:55 of 1st period - Goal by Jiri Tlusty - Staline : 1 - Thunder : 0.
2:56 of 1st period - Tom Pyatt wins face-off versus Evgeny Dadonov in neutral zone.
4:02 of 1st period - Off-side.
4:03 of 1st period - Ryan O'Reilly wins face-off versus Cody Eakin in neutral zone.
4:14 of 1st period - Wrist shot by David Clarkson.
4:14 of 1st period - Stopped by Tobias Stephan without a rebound.
4:15 of 1st period - Tom Pyatt wins face-off versus Andrei Loktionov in Staline zone.
4:30 of 1st period - Wrist shot by Brian Gionta.
4:30 of 1st period - Goal by Brian Gionta - Staline : 2 - Thunder : 0.
4:31 of 1st period - Tom Pyatt wins face-off versus Andrei Loktionov in neutral zone.
4:59 of 1st period - Wrist shot by Brandon Mashinter.
4:59 of 1st period - Shot Misses the Net.
5:03 of 1st period - Wrist shot by Robin Leblanc.
5:03 of 1st period - Stopped by Tobias Stephan without a rebound.
5:04 of 1st period - Tom Pyatt wins face-off versus Yan Stastny in Staline zone.
5:05 of 1st period - Snap shot by Adam Hall.
5:05 of 1st period - Shot Blocked by Nick Spaling.
5:25 of 1st period - Icing by Jiri Tlusty.
5:26 of 1st period - Yan Stastny wins face-off versus Ryan O'Reilly in Staline zone.
5:55 of 1st period - Snap shot by Evgeny Dadonov.
5:55 of 1st period - Shot Hit the Post.
5:57 of 1st period - Snap shot by Evgeny Dadonov.
5:57 of 1st period - Shot Misses the Net.
5:59 of 1st period - Snap shot by Evgeny Dadonov.
5:59 of 1st period - Stopped by Barry Brust with a rebound.
6:01 of 1st period - Snap shot by Andrei Loktionov.
6:01 of 1st period - Shot Misses the Net.
6:03 of 1st period - Slapshot by Greg Pateryn.
6:03 of 1st period - Deflect By Andrei Loktionov.
6:03 of 1st period - Shot Misses the Net.
6:03 of 1st period - Puck is out of play.
6:04 of 1st period - David Desharnais wins face-off versus Tom Pyatt in Thunder zone.
6:05 of 1st period - Wrist shot by Bryan Bickell.
6:05 of 1st period - Stopped by Barry Brust with a rebound.
6:11 of 1st period - Wrist shot by Adam Hall.
6:11 of 1st period - Stopped by Tobias Stephan without a rebound.
6:12 of 1st period - Tom Pyatt wins face-off versus David Desharnais in Staline zone.
6:17 of 1st period - Wrist shot by Scott Parse.
6:17 of 1st period - Shot Blocked by Mark Fraser.
6:19 of 1st period - Wrist shot by Scott Parse.
6:19 of 1st period - Shot Misses the Net.
6:59 of 1st period - Snap shot by Daultan Leveillé.
6:59 of 1st period - Stopped by Tobias Stephan with a rebound.
7:01 of 1st period - Snap shot by David Fischer.
7:01 of 1st period - Stopped by Tobias Stephan with a rebound.
7:03 of 1st period - Wrist shot by Daultan Leveillé.
7:03 of 1st period - Shot Misses the Net.
7:17 of 1st period - Snap shot by Jiri Tlusty.
7:17 of 1st period - Shot Blocked by David Fischer.
7:19 of 1st period - Snap shot by Yan Stastny.
7:19 of 1st period - Shot Blocked by Joey Ryan.
7:21 of 1st period - Wrist shot by Jiri Tlusty.
7:21 of 1st period - Shot Misses the Net.
7:40 of 1st period - Off-side.
7:41 of 1st period - Ryan O'Reilly wins face-off versus Bryan Bickell in neutral zone.
7:56 of 1st period - Snap shot by Dany Roussin.
7:56 of 1st period - Shot Misses the Net.
7:58 of 1st period - Snap shot by David Clarkson.
7:58 of 1st period - Deflect By Ryan O'Reilly.
7:58 of 1st period - Stopped by Tobias Stephan without a rebound.
7:59 of 1st period - Tom Pyatt wins face-off versus Andrei Loktionov in Staline zone.
8:47 of 1st period - David Kolomatis is hit by David Fischer.
9:11 of 1st period - Daultan Leveillé is hit by Jordan Caron and loses puck.
9:37 of 1st period - Robin Leblanc is hit by Brian Gionta and loses puck.
9:48 of 1st period - David Clarkson is hit by Danny Kristo and loses puck.
10:10 of 1st period - Yan Stastny is hit by Adam Hall and loses puck.
10:25 of 1st period - Snap shot by Brandon Mashinter.
10:25 of 1st period - Shot Misses the Net.
10:51 of 1st period - Stu Bickel is hit by Joey Ryan and loses puck.
11:23 of 1st period - Joey Ryan is hit by Stu Bickel and loses puck.
12:08 of 1st period - Wrist shot by Brandon Mashinter.
12:08 of 1st period - Stopped by Tobias Stephan with a rebound.
12:10 of 1st period - Wrist shot by Robin Leblanc.
12:10 of 1st period - Shot Misses the Net.
12:26 of 1st period - Wrist shot by Andrei Loktionov.
12:26 of 1st period - Stopped by Barry Brust with a rebound.
12:30 of 1st period - Slapshot by Andrei Loktionov.
12:30 of 1st period - Stopped by Barry Brust with a rebound.
12:54 of 1st period - Minor Penalty to Casey Pierro-Zabotel for Hooking.
12:55 of 1st period - Andrei Loktionov wins face-off versus Scott Parse in Thunder zone.
13:08 of 1st period - Adam Hall is hit by Brian Gionta and loses puck.
14:25 of 1st period - Scott Parse is hit by David Kolomatis and loses puck.
14:36 of 1st period - Mark Fraser is hit by Dany Roussin and loses puck.
14:53 of 1st period - Adam Hall is hit by Torey Krug and loses puck.
14:54 of 1st period - Penalty to Casey Pierro-Zabotel is over, Casey Pierro-Zabotel is back on ice.
15:49 of 1st period - David Clarkson is hit by David Desharnais.
15:59 of 1st period - Jiri Tlusty is hit by Mat Clark and loses puck.
16:17 of 1st period - Robin Leblanc is hit by Andrei Loktionov and loses puck.
16:28 of 1st period - Stu Bickel is hit by David Clarkson and loses puck.
16:33 of 1st period - Snap shot by David Clarkson.
16:33 of 1st period - Stopped by Tobias Stephan with a rebound.
16:59 of 1st period - Wrist shot by Cody Eakin.
16:59 of 1st period - Stopped by Barry Brust with a rebound.
17:01 of 1st period - Slapshot by Mark Fraser.
17:01 of 1st period - Shot Blocked by Colby Cohen.
17:44 of 1st period - Slapshot by Jiri Tlusty.
17:44 of 1st period - Stopped by Barry Brust with a rebound.
18:24 of 1st period - Danny Kristo is hit by Tom Pyatt and loses puck.
19:11 of 1st period - Joey Ryan is hit by Yan Stastny and loses puck.
19:42 of 1st period - Jannik Hansen is hit by Aaron Ness and loses puck.
19:46 of 1st period - Icing by Jannik Hansen.
19:47 of 1st period - Yan Stastny wins face-off versus Daultan Leveillé in Thunder zone.
19:52 of 1st period - Slapshot by Yan Stastny.
19:52 of 1st period - Shot Misses the Net.
Goals for this period are 2 for Staline vs 0 for Thunder.
Shots for this period are 12 for Staline vs 8 for Thunder.
2nd period
0:01 of 2nd period - Tom Pyatt wins face-off versus Andrei Loktionov in neutral zone.
0:14 of 2nd period - Snap shot by Andrei Loktionov.
0:14 of 2nd period - Stopped by Barry Brust without a rebound.
0:15 of 2nd period - Tom Pyatt wins face-off versus Yan Stastny in Thunder zone.
0:15 of 2nd period - Tom Pyatt is hit by Stu Bickel.
0:48 of 2nd period - Snap shot by Andrei Loktionov.
0:48 of 2nd period - Stopped by Barry Brust with a rebound.
0:50 of 2nd period - Snap shot by Brian Gionta.
0:50 of 2nd period - Stopped by Barry Brust with a rebound.
1:21 of 2nd period - Scott Parse is hit by David Kolomatis and loses puck.
1:38 of 2nd period - James Sheppard is hit by Ryan O'Reilly and loses puck.
2:00 of 2nd period - Cody Eakin is hit by Dany Roussin and loses puck.
2:15 of 2nd period - Snap shot by Ryan O'Reilly.
2:15 of 2nd period - Stopped by Tobias Stephan with a rebound.
2:21 of 2nd period - Wrist shot by James Sheppard.
2:21 of 2nd period - Stopped by Barry Brust with a rebound.
2:23 of 2nd period - Slapshot by Aaron Ness.
2:23 of 2nd period - Shot Blocked by Mat Clark.
2:25 of 2nd period - Slapshot by Greg Pateryn.
2:25 of 2nd period - Shot Misses the Net.
2:27 of 2nd period - Slapshot by Greg Pateryn.
2:27 of 2nd period - Shot Misses the Net.
2:39 of 2nd period - Danny Kristo is hit by Dany Roussin and loses puck.
2:50 of 2nd period - Wrist shot by Ryan O'Reilly.
2:50 of 2nd period - Stopped by Tobias Stephan without a rebound.
2:51 of 2nd period - Tom Pyatt wins face-off versus Andrei Loktionov in Staline zone.
3:16 of 2nd period - Wrist shot by Robin Leblanc.
3:16 of 2nd period - Stopped by Tobias Stephan with a rebound.
3:46 of 2nd period - Slapshot by Jannik Hansen.
3:46 of 2nd period - Shot Misses the Net.
4:04 of 2nd period - Snap shot by David Desharnais.
4:04 of 2nd period - Shot Blocked by Scott Parse.
5:08 of 2nd period - Andrei Loktionov is hit by Mat Clark and loses puck.
5:29 of 2nd period - Torey Krug is hit by Dany Roussin and loses puck.
5:54 of 2nd period - Bryan Bickell is hit by Jordie Benn and loses puck.
7:03 of 2nd period - Wrist shot by Cody Eakin.
7:03 of 2nd period - Shot Misses the Net.
7:14 of 2nd period - Minor Penalty to Greg Pateryn for Tripping.
7:15 of 2nd period - Evgeny Dadonov wins face-off versus Ryan O'Reilly in Staline zone.
7:15 of 2nd period - Evgeny Dadonov is hit by Dany Roussin.
7:26 of 2nd period - Wrist shot by Dany Roussin.
7:26 of 2nd period - Stopped by Tobias Stephan with a rebound.
7:28 of 2nd period - Backhand shot by Matt Generous.
7:28 of 2nd period - Stopped by Tobias Stephan with a rebound.
7:44 of 2nd period - Andrei Loktionov is hit by Jordie Benn and loses puck.
9:14 of 2nd period - Penalty to Greg Pateryn is over, Greg Pateryn is back on ice.
9:17 of 2nd period - Icing by Kelly Zajac.
9:18 of 2nd period - Bobby Farnham wins face-off versus Yan Stastny in Thunder zone.
9:47 of 2nd period - Snap shot by Yan Stastny.
9:47 of 2nd period - Stopped by Barry Brust with a rebound.
10:21 of 2nd period - Snap shot by Jannik Hansen.
10:21 of 2nd period - Shot Misses the Net.
10:23 of 2nd period - Slapshot by Jordie Benn.
10:23 of 2nd period - Stopped by Tobias Stephan with a rebound.
10:25 of 2nd period - Slapshot by Jordie Benn.
10:25 of 2nd period - Stopped by Tobias Stephan with a rebound.
11:01 of 2nd period - Yan Stastny is hit by Bobby Farnham and loses puck.
11:08 of 2nd period - Slapshot by Jannik Hansen.
11:08 of 2nd period - Stopped by Tobias Stephan with a rebound.
11:10 of 2nd period - Wrist shot by Matt Generous.
11:10 of 2nd period - Thunder goal is going for a video replay.
11:10 of 2nd period - The goal is good.
11:10 of 2nd period - Goal by Matt Generous - Staline : 2 - Thunder : 1.
11:11 of 2nd period - Tom Pyatt wins face-off versus Andrei Loktionov in neutral zone.
11:41 of 2nd period - Snap shot by David Clarkson.
11:41 of 2nd period - Shot Misses the Net.
11:43 of 2nd period - Snap shot by Dany Roussin.
11:43 of 2nd period - Stopped by Tobias Stephan with a rebound.
11:45 of 2nd period - Slapshot by David Clarkson.
11:45 of 2nd period - Shot Blocked by Mark Fraser.
11:47 of 2nd period - Wrist shot by David Clarkson.
11:47 of 2nd period - Deflect By Ryan O'Reilly.
11:47 of 2nd period - Shot Misses the Net.
11:47 of 2nd period - Puck is out of play.
11:48 of 2nd period - Brian Gionta wins face-off versus Ryan O'Reilly in Staline zone.
11:48 of 2nd period - Brian Gionta is hit by Dany Roussin.
12:00 of 2nd period - Backhand shot by David Clarkson.
12:00 of 2nd period - Shot Misses the Net.
12:18 of 2nd period - Snap shot by Torey Krug.
12:18 of 2nd period - Deflect By James Sheppard.
12:18 of 2nd period - Shot Blocked by Tom Pyatt.
12:18 of 2nd period - Puck is out of play.
12:19 of 2nd period - Tom Pyatt wins face-off versus Cody Eakin in Thunder zone.
12:24 of 2nd period - Wrist shot by Scott Parse.
12:24 of 2nd period - Deflect By Stu Bickel.
12:24 of 2nd period - Shot Blocked by James Sheppard.
12:24 of 2nd period - Puck is out of play.
12:25 of 2nd period - Adam Hall wins face-off versus Andrei Loktionov in Staline zone.
13:04 of 2nd period - Backhand shot by Evgeny Dadonov.
13:04 of 2nd period - Shot Misses the Net.
13:06 of 2nd period - Slapshot by Evgeny Dadonov.
13:06 of 2nd period - Stopped by Barry Brust with a rebound.
13:08 of 2nd period - Snap shot by Evgeny Dadonov.
13:08 of 2nd period - Shot Blocked by David Fischer.
13:10 of 2nd period - Wrist shot by Andrei Loktionov.
13:10 of 2nd period - Shot Misses the Net.
13:12 of 2nd period - Slapshot by Brian Gionta.
13:12 of 2nd period - Shot Misses the Net.
13:14 of 2nd period - Slapshot by Stu Bickel.
13:14 of 2nd period - Stopped by Barry Brust with a rebound.
13:16 of 2nd period - Snap shot by Andrei Loktionov.
13:16 of 2nd period - Shot Misses the Net.
13:18 of 2nd period - Wrist shot by Andrei Loktionov.
13:18 of 2nd period - Goal by Andrei Loktionov - Staline : 3 - Thunder : 1.
13:19 of 2nd period - Adam Hall wins face-off versus Yan Stastny in neutral zone.
13:30 of 2nd period - Slapshot by Adam Hall.
13:30 of 2nd period - Stopped by Tobias Stephan without a rebound.
13:31 of 2nd period - Yan Stastny wins face-off versus Tom Pyatt in Staline zone.
13:31 of 2nd period - Yan Stastny is hit by Adam Hall.
13:39 of 2nd period - Slapshot by Mark Fraser.
13:39 of 2nd period - Deflect By Nick Spaling.
13:39 of 2nd period - Shot Misses the Net.
13:39 of 2nd period - Puck is out of play.
13:40 of 2nd period - Yan Stastny wins face-off versus Tom Pyatt in Thunder zone.
13:45 of 2nd period - Wrist shot by Nick Spaling.
13:45 of 2nd period - Deflect By Jiri Tlusty.
13:45 of 2nd period - Shot Misses the Net.
13:45 of 2nd period - Puck is out of play.
13:46 of 2nd period - Tom Pyatt wins face-off versus Brian Gionta in Thunder zone.
13:59 of 2nd period - Slapshot by Brian Gionta.
13:59 of 2nd period - Deflect By Evgeny Dadonov.
13:59 of 2nd period - Stopped by Barry Brust with a rebound.
14:01 of 2nd period - Slapshot by Andrei Loktionov.
14:01 of 2nd period - Stopped by Barry Brust with a rebound.
14:42 of 2nd period - Icing by Mat Clark.
14:43 of 2nd period - Andrei Loktionov wins face-off versus Brandon Mashinter in Thunder zone.
14:46 of 2nd period - Wrist shot by Evgeny Dadonov.
14:46 of 2nd period - Stopped by Barry Brust with a rebound.
14:48 of 2nd period - Snap shot by Brian Gionta.
14:48 of 2nd period - Shot Misses the Net.
14:50 of 2nd period - Snap shot by Evgeny Dadonov.
14:50 of 2nd period - Shot Misses the Net.
14:52 of 2nd period - Snap shot by Brian Gionta.
14:52 of 2nd period - Deflect By Robin Leblanc.
14:52 of 2nd period - Shot Blocked by Brett Festerling.
14:52 of 2nd period - Puck is out of play.
14:53 of 2nd period - Andrei Loktionov wins face-off versus Tom Pyatt in Thunder zone.
15:08 of 2nd period - Snap shot by Andrei Loktionov.
15:08 of 2nd period - Goal by Andrei Loktionov - Staline : 4 - Thunder : 1.
15:09 of 2nd period - Andrei Loktionov wins face-off versus Tom Pyatt in neutral zone.
15:14 of 2nd period - Snap shot by Evgeny Dadonov.
15:14 of 2nd period - Shot Misses the Net.
15:24 of 2nd period - Slapshot by Matt Generous.
15:24 of 2nd period - Stopped by Tobias Stephan with a rebound.
16:15 of 2nd period - Wrist shot by Yan Stastny.
16:15 of 2nd period - Shot Misses the Net.
16:17 of 2nd period - Snap shot by Jiri Tlusty.
16:17 of 2nd period - Shot Blocked by Jannik Hansen.
16:19 of 2nd period - Slapshot by David Kolomatis.
16:19 of 2nd period - Deflect By Nick Spaling.
16:19 of 2nd period - Shot Blocked by Joey Ryan.
16:19 of 2nd period - Puck is out of play.
16:20 of 2nd period - Ryan O'Reilly wins face-off versus Andrei Loktionov in Thunder zone.
16:32 of 2nd period - Icing by David Fischer.
16:33 of 2nd period - Ryan O'Reilly wins face-off versus Andrei Loktionov in Thunder zone.
16:33 of 2nd period - Ryan O'Reilly is hit by Mark Fraser.
16:53 of 2nd period - Snap shot by Ryan O'Reilly.
16:53 of 2nd period - Stopped by Tobias Stephan without a rebound.
16:54 of 2nd period - Tom Pyatt wins face-off versus Yan Stastny in Staline zone.
17:10 of 2nd period - Minor Penalty to Adam Hall for Tripping.
17:11 of 2nd period - Scott Parse wins face-off versus Andrei Loktionov in Thunder zone.
18:06 of 2nd period - Dany Roussin is hit by Evgeny Dadonov and loses puck.
18:35 of 2nd period - Robin Leblanc is hit by Nick Spaling and loses puck.
19:10 of 2nd period - Penalty to Adam Hall is over, Adam Hall is back on ice.
19:15 of 2nd period - Wrist shot by Tom Pyatt.
19:15 of 2nd period - Stopped by Tobias Stephan with a rebound.
19:17 of 2nd period - Backhand shot by Joey Ryan.
19:17 of 2nd period - Shot Misses the Net.
19:19 of 2nd period - Wrist shot by Tom Pyatt.
19:19 of 2nd period - Shot Misses the Net.
Goals for this period are 2 for Staline vs 1 for Thunder.
Shots for this period are 12 for Staline vs 14 for Thunder.
3rd period
0:01 of 3rd period - Andrei Loktionov wins face-off versus Tom Pyatt in neutral zone.
0:48 of 3rd period - Slapshot by Matt Generous.
0:48 of 3rd period - Stopped by Tobias Stephan without a rebound.
0:49 of 3rd period - Brandon Mashinter wins face-off versus David Desharnais in Staline zone.
0:54 of 3rd period - Slapshot by Brandon Mashinter.
0:54 of 3rd period - Stopped by Tobias Stephan with a rebound.
0:56 of 3rd period - Slapshot by David Fischer.
0:56 of 3rd period - Shot Blocked by David Kolomatis.
0:58 of 3rd period - Slapshot by David Fischer.
0:58 of 3rd period - Shot Blocked by Torey Krug.
1:00 of 3rd period - Snap shot by Casey Pierro-Zabotel.
1:00 of 3rd period - Goal by Casey Pierro-Zabotel - Staline : 4 - Thunder : 2.
1:01 of 3rd period - Andrei Loktionov wins face-off versus Tom Pyatt in neutral zone.
1:04 of 3rd period - Slapshot by Mark Fraser.
1:04 of 3rd period - Shot Blocked by Jordie Benn.
1:31 of 3rd period - Snap shot by Jiri Tlusty.
1:31 of 3rd period - Deflect By Jordie Benn.
1:31 of 3rd period - Stopped by Barry Brust without a rebound.
1:32 of 3rd period - Andrei Loktionov wins face-off versus Ryan O'Reilly in Thunder zone.
2:33 of 3rd period - Torey Krug is hit by Jordie Benn and loses puck.
3:06 of 3rd period - Brett Festerling is hit by Brian Gionta.
3:12 of 3rd period - Slapshot by David Clarkson.
3:12 of 3rd period - Stopped by Tobias Stephan with a rebound.
3:14 of 3rd period - Wrist shot by David Clarkson.
3:14 of 3rd period - Stopped by Tobias Stephan without a rebound.
3:15 of 3rd period - David Desharnais wins face-off versus Tom Pyatt in Staline zone.
3:20 of 3rd period - Snap shot by David Desharnais.
3:20 of 3rd period - Stopped by Barry Brust without a rebound.
3:21 of 3rd period - David Desharnais wins face-off versus Tom Pyatt in Thunder zone.
3:26 of 3rd period - Snap shot by Bryan Bickell.
3:26 of 3rd period - Shot Blocked by Matt Generous.
3:28 of 3rd period - Wrist shot by Bryan Bickell.
3:28 of 3rd period - Shot Misses the Net.
3:30 of 3rd period - Slapshot by Greg Pateryn.
3:30 of 3rd period - Stopped by Barry Brust without a rebound.
3:31 of 3rd period - Tom Pyatt wins face-off versus Andrei Loktionov in Thunder zone.
3:31 of 3rd period - Tom Pyatt is hit by Mark Fraser.
3:38 of 3rd period - Minor Penalty to Mark Fraser for Hooking.
3:39 of 3rd period - Evgeny Dadonov wins face-off versus Tom Pyatt in Staline zone.
5:38 of 3rd period - Penalty to Mark Fraser is over, Mark Fraser is back on ice.
5:43 of 3rd period - Brian Gionta is hit by Robin Leblanc and loses puck.
6:04 of 3rd period - Slapshot by Scott Parse.
6:04 of 3rd period - Stopped by Tobias Stephan with a rebound.
6:52 of 3rd period - Slapshot by Torey Krug.
6:52 of 3rd period - Deflect By David Desharnais.
6:52 of 3rd period - Shot Blocked by Tom Pyatt.
6:52 of 3rd period - Puck is out of play.
6:53 of 3rd period - Andrei Loktionov wins face-off versus Tom Pyatt in Thunder zone.
7:25 of 3rd period - Dany Roussin is hit by Evgeny Dadonov and loses puck.
7:30 of 3rd period - Slapshot by Andrei Loktionov.
7:30 of 3rd period - Shot Misses the Net.
8:00 of 3rd period - Icing by Adam Hall.
8:01 of 3rd period - Tom Pyatt wins face-off versus Andrei Loktionov in Thunder zone.
8:01 of 3rd period - Tom Pyatt is hit by Brian Gionta.
8:06 of 3rd period - Minor Penalty to Torey Krug for Hooking.
8:07 of 3rd period - Tom Pyatt wins face-off versus Evgeny Dadonov in Staline zone.
10:06 of 3rd period - Penalty to Torey Krug is over, Torey Krug is back on ice.
10:21 of 3rd period - Cody Eakin is hit by Brandon Mashinter and loses puck.
10:55 of 3rd period - Minor Penalty to Daultan Leveillé for Interference.
10:56 of 3rd period - Scott Parse wins face-off versus Andrei Loktionov in Thunder zone.
11:49 of 3rd period - Slapshot by Andrei Loktionov.
11:49 of 3rd period - Stopped by Barry Brust with a rebound.
12:08 of 3rd period - Matt Generous is hit by Brian Gionta and loses puck.
12:55 of 3rd period - Penalty to Daultan Leveillé is over, Daultan Leveillé is back on ice.
13:05 of 3rd period - Slapshot by Joey Ryan.
13:05 of 3rd period - Stopped by Tobias Stephan with a rebound.
13:14 of 3rd period - Off-side.
13:15 of 3rd period - Brandon Mashinter wins face-off versus David Desharnais in neutral zone.
13:17 of 3rd period - Off-side.
13:18 of 3rd period - David Desharnais wins face-off versus Brandon Mashinter in neutral zone.
13:22 of 3rd period - Wrist shot by Jordan Caron.
13:22 of 3rd period - Stopped by Barry Brust without a rebound.
13:23 of 3rd period - Brandon Mashinter wins face-off versus David Desharnais in Thunder zone.
13:38 of 3rd period - Robin Leblanc is hit by Jordan Caron and loses puck.
13:51 of 3rd period - Snap shot by Jordan Caron.
13:51 of 3rd period - Stopped by Barry Brust with a rebound.
13:53 of 3rd period - Slapshot by David Kolomatis.
13:53 of 3rd period - Shot Blocked by Casey Pierro-Zabotel.
13:55 of 3rd period - Slapshot by David Kolomatis.
13:55 of 3rd period - Shot Misses the Net.
13:57 of 3rd period - Wrist shot by Torey Krug.
13:57 of 3rd period - Shot Blocked by Brett Festerling.
14:11 of 3rd period - Snap shot by Bryan Bickell.
14:11 of 3rd period - Goal by Bryan Bickell - Staline : 5 - Thunder : 2.
14:12 of 3rd period - Andrei Loktionov wins face-off versus Tom Pyatt in neutral zone.
14:15 of 3rd period - Jordie Benn is hit by Evgeny Dadonov and loses puck.
14:21 of 3rd period - Matt Generous is hit by Mark Fraser and loses puck.
14:38 of 3rd period - Matt Generous is hit by Mark Fraser and loses puck.
14:49 of 3rd period - Backhand shot by Scott Parse.
14:49 of 3rd period - Stopped by Tobias Stephan without a rebound.
14:50 of 3rd period - Ryan O'Reilly wins face-off versus Andrei Loktionov in Staline zone.
14:53 of 3rd period - Snap shot by David Clarkson.
14:53 of 3rd period - Stopped by Tobias Stephan with a rebound.
14:55 of 3rd period - Slapshot by David Fischer.
14:55 of 3rd period - Shot Misses the Net.
14:57 of 3rd period - Wrist shot by David Clarkson.
14:57 of 3rd period - Deflect By Dany Roussin.
14:57 of 3rd period - Shot Blocked by Andrei Loktionov.
14:57 of 3rd period - Puck is out of play.
14:58 of 3rd period - Andrei Loktionov wins face-off versus Ryan O'Reilly in Staline zone.
15:23 of 3rd period - David Kolomatis is hit by Ryan O'Reilly and loses puck.
15:34 of 3rd period - Snap shot by Ryan O'Reilly.
15:34 of 3rd period - Stopped by Tobias Stephan without a rebound.
15:35 of 3rd period - Tom Pyatt wins face-off versus Yan Stastny in Staline zone.
16:27 of 3rd period - Snap shot by Adam Hall.
16:27 of 3rd period - Shot Blocked by Aaron Ness.
16:29 of 3rd period - Slapshot by Matt Generous.
16:29 of 3rd period - Shot Blocked by Aaron Ness.
16:31 of 3rd period - Slapshot by Jordie Benn.
16:31 of 3rd period - Stopped by Tobias Stephan without a rebound.
16:32 of 3rd period - Brandon Mashinter wins face-off versus Andrei Loktionov in Staline zone.
16:41 of 3rd period - Snap shot by Brandon Mashinter.
16:41 of 3rd period - Shot Blocked by Mark Fraser.
16:43 of 3rd period - Backhand shot by Casey Pierro-Zabotel.
16:43 of 3rd period - Stopped by Tobias Stephan with a rebound.
16:45 of 3rd period - Slapshot by David Fischer.
16:45 of 3rd period - Stopped by Tobias Stephan with a rebound.
16:47 of 3rd period - Slapshot by Brandon Mashinter.
16:47 of 3rd period - Shot Misses the Net.
16:49 of 3rd period - Snap shot by Casey Pierro-Zabotel.
16:49 of 3rd period - Stopped by Tobias Stephan with a rebound.
16:56 of 3rd period - Minor Penalty to Mat Clark for Tripping.
16:57 of 3rd period - Andrei Loktionov wins face-off versus Scott Parse in Thunder zone.
17:00 of 3rd period - Snap shot by Evgeny Dadonov.
17:00 of 3rd period - Stopped by Barry Brust without a rebound.
17:01 of 3rd period - Scott Parse wins face-off versus Andrei Loktionov in Thunder zone.
17:09 of 3rd period - Slapshot by Jordie Benn.
17:09 of 3rd period - Stopped by Tobias Stephan with a rebound.
17:42 of 3rd period - Snap shot by Evgeny Dadonov.
17:42 of 3rd period - Stopped by Barry Brust with a rebound.
17:44 of 3rd period - Slapshot by Stu Bickel.
17:44 of 3rd period - Deflect By Evgeny Dadonov.
17:44 of 3rd period - Shot Misses the Net.
17:44 of 3rd period - Puck is out of play.
17:45 of 3rd period - Scott Parse wins face-off versus Yan Stastny in Thunder zone.
18:56 of 3rd period - Penalty to Mat Clark is over, Mat Clark is back on ice.
Goals for this period are 1 for Staline vs 1 for Thunder.
Shots for this period are 9 for Staline vs 15 for Thunder.
Back to the Top